| TOP OF THE 1ST |
|
Williston Water Wolves batting - Pitching for Idaho Falls Spuds : RHP Mark Schuler
|
|
Pitching: RHP Mark Schuler
|
|
|
Batting: RHB Gil Marquez
|
0-0: Ball 1-0: Fly out, F9 (Flyball, 9D, EV 103.8 MPH)
|
|
Batting: RHB Alexis Rendon
|
0-0: Ball 1-0: Ground out 6-3 (Groundball, 6, EV 106.3 MPH)
|
|
Batting: RHB Pat Jelks
|
0-0: Called Strike 0-1: Foul Ball, location: 2F 0-2: Ball 1-2: Strikes out swinging
|
| Top of the 1st over - 0 runs, 0 hits, 0 errors, 0 left on base; Williston 0 - Idaho Falls 0 |
| BOTTOM OF THE 1ST |
|
Idaho Falls Spuds batting - Pitching for Williston Water Wolves : RHP Weldon Swift
|
|
Pitching: RHP Weldon Swift
|
|
|
Batting: RHB Gregory Key
|
0-0: Called Strike 0-1: Ball 1-1: Called Strike 1-2: Ball 2-2: Ball 3-2: Base on Balls
|
|
Batting: RHB Tony Porras
|
0-0: Called Strike 0-1: Ball 1-1: Ball 2-1: SINGLE (Line Drive, 3D, EV 98.8 MPH) Gregory Key to second Runner from 2nd tries for 3rd, SAFE, throw by RF made to third
|
|
Batting: LHB Chris Baird
|
0-0: DOUBLE (Flyball, 89D, EV 95.0 MPH) Gregory Key scores Tony Porras to third Runner from 3rd tries for Home, SAFE, no throw by RF
|
|
Batting: RHB Billie Merrifield
|
0-0: Ball 1-0: Ball 2-0: Ball 3-0: Called Strike 3-1: Base on Balls
|
|
Batting: RHB Ken Williams
|
0-0: Ball 1-0: SINGLE (Line Drive, 56, EV 104.4 MPH) Chris Baird to third Billie Merrifield to second
|
|
Batting: RHB John Thornton
|
0-0: Foul Ball, location: 2F 0-1: Ball 1-1: Ball 2-1: Swinging Strike 2-2: Ball 3-2: Foul Ball, location: 2F 3-2: Foul Ball, location: 2F 3-2: Foul Ball, location: 2F 3-2: Base on Balls Chris Baird scores Billie Merrifield to third Ken Williams to second
|
|
Batting: RHB Brian Dorsett
|
0-0: Ball 1-0: Foul Ball, location: 2F 1-1: Ball 2-1: Swinging Strike 2-2: Strikes out swinging
|
|
Batting: LHB Jeffrey Greene
|
0-0: Called Strike 0-1: Ball 1-1: Swinging Strike 1-2: Foul Ball, location: 2F 1-2: Strikes out swinging
|
|
Batting: RHB Juan Barajas
|
0-0: Ball 1-0: Called Strike 1-1: Ball 2-1: Foul Ball, location: 2F 2-2: Strikes out swinging
|
| Bottom of the 1st over - 3 runs, 3 hits, 0 errors, 3 left on base; Williston 0 - Idaho Falls 3 |
| TOP OF THE 2ND |
|
Williston Water Wolves batting - Pitching for Idaho Falls Spuds : RHP Mark Schuler
|
|
Batting: RHB Pat Borders
|
0-0: Ball 1-0: Ball 2-0: Ball 3-0: Called Strike 3-1: Fly out, F9 (Line Drive, 9S, EV 90.0 MPH)
|
|
Batting: SHB Devon White
|
0-0: Ball 1-0: Ground out 5-3 (Groundball, 5, EV 102.5 MPH)
|
|
Batting: RHB Paul Noce
|
0-0: Ground out 5-3 (Groundball, 56S, EV 85.6 MPH)
|
| Top of the 2nd over - 0 runs, 0 hits, 0 errors, 0 left on base; Williston 0 - Idaho Falls 3 |
| BOTTOM OF THE 2ND |
|
Idaho Falls Spuds batting - Pitching for Williston Water Wolves : RHP Weldon Swift
|
|
Batting: RHB Gregory Key
|
0-0: Swinging Strike 0-1: Called Strike 0-2: Ball 1-2: Ball 2-2: Strikes out swinging
|
|
Batting: RHB Tony Porras
|
0-0: Called Strike 0-1: Fly out, F4 (Popup, 4MD, EV 45.0 MPH)
|
|
Batting: LHB Chris Baird
|
0-0: Ball 1-0: Ball 2-0: Ball 3-0: Called Strike 3-1: Base on Balls
|
|
Batting: RHB Billie Merrifield
|
0-0: Ball 1-0: Swinging Strike 1-1: Ball 2-1: Ball 3-1: Swinging Strike 3-2: Fly out, F7 (Flyball, 7LS, EV 88.8 MPH)
|
| Bottom of the 2nd over - 0 runs, 0 hits, 0 errors, 1 left on base; Williston 0 - Idaho Falls 3 |
| TOP OF THE 3RD |
|
Williston Water Wolves batting - Pitching for Idaho Falls Spuds : RHP Mark Schuler
|
|
Batting: LHB John Mitchell
|
0-0: Foul Ball, location: 2F 0-1: Ground out 6-3 (Groundball, 6MS, EV 70.6 MPH)
|
|
Batting: RHB Robby Thompson
|
0-0: Ball 1-0: Fly out, F8 (Flyball, 8LM, EV 94.4 MPH)
|
|
Batting: RHB Mark Kaeterle
|
0-0: Ball 1-0: Ball 2-0: SINGLE (Groundball, 34D, EV 101.3 MPH)
|
|
Batting: RHB Gil Marquez
|
0-0: Ball 1-0: Called Strike 1-1: Ball 2-1: Ball 3-1: Called Strike 3-2: Base on Balls Mark Kaeterle to second
|
|
Batting: RHB Alexis Rendon
|
0-0: Swinging Strike 0-1: Ball 1-1: Foul Ball, location: 2F 1-2: Foul Ball, location: 2F 1-2: Strikes out swinging
|
| Top of the 3rd over - 0 runs, 1 hit, 0 errors, 2 left on base; Williston 0 - Idaho Falls 3 |
| BOTTOM OF THE 3RD |
|
Idaho Falls Spuds batting - Pitching for Williston Water Wolves : RHP Weldon Swift
|
|
Batting: RHB Ken Williams
|
0-0: Called Strike 0-1: Ball 1-1: Ball 2-1: Swinging Strike 2-2: Foul Ball, location: 2F 2-2: Ball 3-2: Foul Ball, location: 2F 3-2: Foul Ball, location: 2F 3-2: Strikes out swinging
|
|
Batting: RHB John Thornton
|
0-0: Foul Ball, location: 2F 0-1: Fly out, F9 (Flyball, 9D, EV 93.1 MPH)
|
|
Batting: RHB Brian Dorsett
|
0-0: Called Strike 0-1: Ball 1-1: Fly out, F7 (Flyball, 7D, EV 86.3 MPH)
|
| Bottom of the 3rd over - 0 runs, 0 hits, 0 errors, 0 left on base; Williston 0 - Idaho Falls 3 |
| TOP OF THE 4TH |
|
Williston Water Wolves batting - Pitching for Idaho Falls Spuds : RHP Mark Schuler
|
|
Batting: RHB Pat Jelks
|
0-0: Ball 1-0: Ground out 6-3 (Groundball, 6, EV 103.8 MPH)
|
|
Batting: RHB Pat Borders
|
0-0: Fly out, F6 (Popup, P, EV 88.8 MPH)
|
|
Batting: SHB Devon White
|
0-0: Ball 1-0: Ball 2-0: Foul Ball, location: 2F 2-1: Fly out, F6 (Popup, 4MD, EV 54.4 MPH)
|
| Top of the 4th over - 0 runs, 0 hits, 0 errors, 0 left on base; Williston 0 - Idaho Falls 3 |
| BOTTOM OF THE 4TH |
|
Idaho Falls Spuds batting - Pitching for Williston Water Wolves : RHP Weldon Swift
|
|
Batting: LHB Jeffrey Greene
|
0-0: Ball 1-0: Ball 2-0: Ground out 6-3 (Groundball, 6, EV 111.3 MPH)
|
|
Batting: RHB Juan Barajas
|
0-0: Ball 1-0: Swinging Strike 1-1: Ball 2-1: Foul Ball, location: 2F 2-2: Strikes out swinging
|
|
Batting: RHB Gregory Key
|
0-0: Foul Ball, location: 2F 0-1: Called Strike 0-2: Foul Ball, location: 2F 0-2: Ball 1-2: Ball 2-2: Ground out 3-1 (Groundball, 13, EV 85.6 MPH)
|
| Bottom of the 4th over - 0 runs, 0 hits, 0 errors, 0 left on base; Williston 0 - Idaho Falls 3 |
| TOP OF THE 5TH |
|
Williston Water Wolves batting - Pitching for Idaho Falls Spuds : RHP Mark Schuler
|
|
Batting: RHB Paul Noce
|
0-0: Called Strike 0-1: Ground out 6-3 (Groundball, 6, EV 78.8 MPH)
|
|
Batting: LHB John Mitchell
|
0-0: Ground out 6-3 (Groundball, 6, EV 81.3 MPH)
|
|
Batting: RHB Robby Thompson
|
0-0: Foul Ball, location: 2F 0-1: Ball 1-1: Ball 2-1: Ball 3-1: Base on Balls
|
|
Batting: RHB Mark Kaeterle
|
0-0: Called Strike 0-1: Foul Ball, location: 2F 0-2: Ball 1-2: Strikes out looking
|
| Top of the 5th over - 0 runs, 0 hits, 0 errors, 1 left on base; Williston 0 - Idaho Falls 3 |
| BOTTOM OF THE 5TH |
|
Idaho Falls Spuds batting - Pitching for Williston Water Wolves : RHP Weldon Swift
|
|
Batting: RHB Tony Porras
|
0-0: Ball 1-0: Foul Ball, location: 2F 1-1: SINGLE (Line Drive, 9S, EV 102.5 MPH)
|
|
Batting: LHB Chris Baird
|
0-0: Ball 1-0: Called Strike Tony Porras is caught stealing 2nd base 2-6 1-1: Foul Ball, location: 2F 1-2: Foul Ball, location: 2F 1-2: Ball 2-2: Strikes out swinging
|
|
Batting: RHB Billie Merrifield
|
0-0: Called Strike 0-1: Fly out, F7 (Flyball, 7S, EV 90.0 MPH)
|
| Bottom of the 5th over - 0 runs, 1 hit, 0 errors, 0 left on base; Williston 0 - Idaho Falls 3 |
| TOP OF THE 6TH |
|
Williston Water Wolves batting - Pitching for Idaho Falls Spuds : RHP Mark Schuler
|
|
Batting: RHB Gil Marquez
|
0-0: Ball 1-0: Called Strike 1-1: SINGLE (Groundball, 56S, EV 68.1 MPH) (infield hit)
|
|
Batting: RHB Alexis Rendon
|
0-0: Ball 1-0: Bunted foul 1-1: Bunted foul 1-2: Ball 2-2: Foul Ball, location: 2F 2-2: Ball 3-2: Fly out, F8 (Flyball, 8RM, EV 95.6 MPH)
|
|
Batting: RHB Pat Jelks
|
0-0: Swinging Strike 0-1: Foul Ball, location: 2F 0-2: DOUBLE (Line Drive, 78D, EV 105.0 MPH) Gil Marquez to third Runner from 3rd tries for Home, throw by CF and OUT! 8-6-2 Pat Jelks to third
|
|
Batting: RHB Pat Borders
|
0-0: Ball 1-0: SINGLE (Groundball, 6M, EV 83.8 MPH) (infield hit) Pat Jelks scores
|
|
Batting: SHB Devon White
|
0-0: Called Strike 0-1: Ball 1-1: Ball 2-1: SINGLE (Popup, 34D, EV 59.4 MPH) Pat Borders to second Runner from 2nd tries for 3rd, SAFE, throw by 2B made to third
|
|
Batting: RHB Paul Noce
|
0-0: Ground out 5-3 (Groundball, 56S, EV 68.1 MPH)
|
| Top of the 6th over - 1 run, 4 hits, 0 errors, 2 left on base; Williston 1 - Idaho Falls 3 |
| BOTTOM OF THE 6TH |
|
Idaho Falls Spuds batting - Pitching for Williston Water Wolves : RHP Weldon Swift
|
|
Batting: RHB Ken Williams
|
0-0: Ground out 5-3 (Groundball, 56, EV 85.0 MPH)
|
|
Batting: RHB John Thornton
|
0-0: Ground out 6-3 (Groundball, 6, EV 86.9 MPH)
|
|
Batting: RHB Brian Dorsett
|
0-0: Called Strike 0-1: DOUBLE (Flyball, 8RXD, EV 100.6 MPH)
|
|
Batting: LHB Jeffrey Greene
|
0-0: Ball 1-0: Ball 2-0: Fly out, F6 (Popup, 6M, EV 77.5 MPH)
|
| Bottom of the 6th over - 0 runs, 1 hit, 0 errors, 1 left on base; Williston 1 - Idaho Falls 3 |
| TOP OF THE 7TH |
|
Williston Water Wolves batting - Pitching for Idaho Falls Spuds : RHP Mark Schuler
|
|
Batting: LHB John Mitchell
|
0-0: Called Strike 0-1: Fly out, F8 (Flyball, 89M, EV 93.1 MPH)
|
|
Batting: RHB Robby Thompson
|
0-0: Ball 1-0: Swinging Strike 1-1: Ball 2-1: Ball 3-1: Called Strike 3-2: Base on Balls
|
|
Pitching: RHP Jeffrey O'Dell
|
|
|
Batting: RHB Mark Kaeterle
|
0-0: Ball 1-0: Foul Ball, location: 2F 1-1: Called Strike 1-2: Ball 2-2: Fly out, F4 (Popup, 4MD, EV 72.5 MPH)
|
|
Batting: RHB Gil Marquez
|
0-0: Ball 1-0: Ground out 4-3 (Groundball, 4, EV 98.1 MPH)
|
| Top of the 7th over - 0 runs, 0 hits, 0 errors, 1 left on base; Williston 1 - Idaho Falls 3 |
| BOTTOM OF THE 7TH |
|
Idaho Falls Spuds batting - Pitching for Williston Water Wolves : RHP Weldon Swift
|
|
Batting: RHB Juan Barajas
|
0-0: Called Strike 0-1: DOUBLE (Flyball, 8LXD, EV 108.1 MPH)
|
|
Batting: RHB Gregory Key
|
0-0: Intentional Walk
|
|
Batting: RHB Tony Porras
|
0-0: Ball 1-0: SINGLE (Groundball, 6MD, EV 98.1 MPH) Juan Barajas to third Gregory Key to second Runner from 3rd tries for Home, SAFE, throw by CF to home
|
|
Batting: LHB Chris Baird
|
0-0: Ball 1-0: Called Strike 1-1: Fly out, F8 (Flyball, 8RS, EV 96.3 MPH)
|
|
Batting: RHB Billie Merrifield
|
0-0: Ball 1-0: Ball 2-0: Swinging Strike 2-1: Swinging Strike Passed Ball! Gregory Key to third Tony Porras to second 2-2: Foul Ball, location: 2F 2-2: Foul Ball, location: 2F 2-2: Strikes out swinging
|
|
Batting: RHB Ken Williams
|
0-0: Ball 1-0: Ground out 6-3 (Groundball, 6, EV 81.9 MPH)
|
| Bottom of the 7th over - 1 run, 2 hits, 0 errors, 2 left on base; Williston 1 - Idaho Falls 4 |
| TOP OF THE 8TH |
|
Williston Water Wolves batting - Pitching for Idaho Falls Spuds : RHP Jeffrey O'Dell
|
|
Batting: RHB Alexis Rendon
|
0-0: Called Strike 0-1: Fly out, F8 (Flyball, 8LXD, EV 76.3 MPH)
|
|
Batting: RHB Pat Jelks
|
0-0: Called Strike 0-1: Ball 1-1: Foul Ball, location: 2F 1-2: Fly out, F8 (Line Drive, 8RM, EV 102.5 MPH)
|
|
Batting: RHB Pat Borders
|
0-0: Called Strike 0-1: Ball 1-1: Ball 2-1: Ball 3-1: Base on Balls
|
|
Batting: SHB Devon White
|
0-0: Fly out, F7 (Flyball, 7, EV 93.1 MPH)
|
| Top of the 8th over - 0 runs, 0 hits, 0 errors, 1 left on base; Williston 1 - Idaho Falls 4 |
| BOTTOM OF THE 8TH |
|
Idaho Falls Spuds batting - Pitching for Williston Water Wolves : RHP Weldon Swift
|
|
Batting: RHB John Thornton
|
0-0: Foul Ball, location: 2F 0-1: Called Strike 0-2: Ball 1-2: Foul Ball, location: 2F 1-2: Fly out, F7 (Flyball, 7D, EV 94.4 MPH)
|
|
Batting: RHB Brian Dorsett
|
0-0: Called Strike 0-1: Ball 1-1: Called Strike 1-2: SINGLE (Line Drive, 8LS, EV 96.9 MPH)
|
|
Batting: LHB Jeffrey Greene
|
0-0: Called Strike 0-1: Foul Ball, location: 2F 0-2: Foul Ball, location: 2F 0-2: Ball 1-2: Ball 2-2: Strikes out swinging
|
|
Batting: RHB Juan Barajas
|
0-0: Ball 1-0: Called Strike 1-1: Foul Ball, location: 2F 1-2: Fly out, F8 (Flyball, 8RD, EV 98.8 MPH)
|
| Bottom of the 8th over - 0 runs, 1 hit, 0 errors, 1 left on base; Williston 1 - Idaho Falls 4 |
| TOP OF THE 9TH |
|
Williston Water Wolves batting - Pitching for Idaho Falls Spuds : RHP Jeffrey O'Dell
|
|
Batting: RHB Paul Noce
|
0-0: Ground out 5-3 (Groundball, 56, EV 85.0 MPH)
|
|
Batting: LHB John Mitchell
|
0-0: Ball 1-0: Fly out, F9 (Flyball, 9LM, EV 100.6 MPH)
|
|
Batting: RHB Robby Thompson
|
0-0: Ball 1-0: SOLO HOME RUN (Flyball, 7D, EV 106.9 MPH), Distance : 357 ft
|
|
Batting: RHB Mark Kaeterle
|
0-0: Ball 1-0: Foul Ball, location: 2F 1-1: SINGLE (Line Drive, 4MD, EV 95.0 MPH)
|
|
Pinch Hitting: LHB Mike Fennell
|
0-0: Ball 1-0: Ball 2-0: Ball 3-0: Base on Balls Mark Kaeterle to second
|
|
Pinch Hitting: LHB John Turner
|
0-0: Ball 1-0: Foul Ball, location: 2F 1-1: Foul Ball, location: 2F 1-2: Foul Ball, location: 2F 1-2: Fly out, F5 (Flyball, 5D, EV 85.6 MPH)
|
| Top of the 9th over - 1 run, 2 hits, 0 errors, 2 left on base; Williston 2 - Idaho Falls 4 |
|